 Dungeon Crawl Stone Soup version 0.18-a0-1589-g520a787 (webtiles) character file.

308 MenacingMecha the Spear-Bearer (level 6, -3/44 HPs)
             Began as a Merfolk Gladiator on Mar 19, 2016.
             Killed from afar by a white imp (8 damage)
             ... with a puff of frost
             ... summoned by Eustachio
             ... on level 4 of the Dungeon.
             The game lasted 00:12:56 (2945 turns).

MenacingMecha the Spear-Bearer (Merfolk Gladiator)  Turns: 2945, Time: 00:12:56

Health: -3/44      AC:  6    Str: 16    XL:     6   Next: 40%
Magic:  6/6        EV: 12    Int:  8    God:
Gold:   293        SH:  0    Dex: 15    Spells: 0 memorised, 5 levels left

rFire  . . .     SeeInvis .     a - +0 trident
rCold  . . .     Gourm    .     t - +0 ring mail
rNeg   . . .     Faith    .     (no shield)
rPois  .         Spirit   .     c - +0 helmet
rElec  .         Dismiss  .     (no cloak)
rCorr  .         Reflect  .     (no gloves)
SustAt .         Harm     .     (no boots)
MR     .....                    (no amulet)
Stlth  +.........               (no ring)
                                (no ring)

@: not resistant to hostile enchantments, very unstealthy
A: change form in water, swift swim
a: no special abilities


You were on level 4 of the Dungeon.
You were hungry.

You visited 1 branch of the dungeon, and saw 4 of its levels.

You collected 293 gold pieces.

Inventory:

Hand Weapons
 a - a +0 trident (weapon)
Missiles
 d - 2 throwing nets (quivered)
Armour
 c - a +0 helmet (worn)
 t - a +0 ring mail (worn)
Wands
 w - a wand of flame (19/48)
Scrolls
 e - a scroll of recharging
 j - 2 scrolls of identify
 k - 2 scrolls of remove curse
 o - a scroll of immolation {unknown}
Potions
 b - a potion of degeneration {unknown}
 i - a potion of curing
 m - 2 potions of haste {unknown}
 p - a potion of cure mutation {unknown}
 q - a potion of lignification {unknown}
 r - 2 potions of mutation {unknown}
 u - a potion of berserk rage {unknown}
 v - a potion of magic {unknown}
Comestibles
 f - 3 bread rations
 h - a royal jelly
 s - 30 fruits


   Skills:
 - Level 2.1 Fighting
 + Level 10.0 Polearms
 - Level 2.0 Throwing
 - Level 4.0 Dodging


You had 5 spell levels left.
You didn't know any spells.

Dungeon Overview and Level Annotations

Branches:
Dungeon (4/15)             Temple (0/1) D:4

Altars:
Fedhas

Annotations:
D:3 Arkorax's ghost, amateur DrWn
D:4 Eustachio


Message History

Okay, then.
The white imp shouts, "Out, out, thou pandering ruttish nothing!"
The white imp gestures at you. The puff of frost hits you!
* * * LOW HITPOINT WARNING * * *
The crimson imp completely misses you.
Read which item? (? for menu, Esc to quit)
As you read the scroll labeled CAITIFF REORE, it crumbles to dust.
You feel aware of your surroundings.
You sensed 1 altar, and 3 shops/portals.
It was a scroll of magic mapping.
Eustachio gestures wildly while chanting.
Eustachio blinks!
The crimson imp hits you.
* * * LOW HITPOINT WARNING * * *
Read which item? (? for menu, Esc to quit)
As you read the scroll labeled CAMUCU XUONK, it crumbles to dust.
The scroll dissolves into smoke.
It was a scroll of fog.
The white imp gestures at you. The puff of frost hits you!
You die...

***#.........#*,* *,,,*
#.........#*,* *,,**
#.........#*,* *,**
#.........#*,* *,*
#.........#*,*****,*
***#..J......#*,,,,,,,*
.....####.########*****
..$..*#...#..r§5§#
....J*#J###.####@#
.....*#.#<..# #5#
.....*#.########5#
...@.*#..@.r.J..§#
....r*############
,,,,,+,,,* ,,,,,***,*
,,,,,* *,* *+**** *,*


You could see a crimson imp, a white imp and a shadow imp.

Vanquished Creatures
  An orc priest (D:3)
  Jessica (D:3)
  Ijyb (D:2)
  Natasha (thrice) (D:2)
  Robin (D:2)
  A gnoll (D:1)
  5 adders
  2 oozes
  2 worms (D:2)
  A dart slug (D:1)
  2 giant geckos
  4 orcs (D:3)
  A ball python (D:3)
  3 bats
  A giant cockroach (D:2)
  14 goblins
  8 hobgoblins
  6 jackals
  6 kobolds
  2 quokkas (D:3)
  4 giant newts
  2 rats
  A fungus (D:1)
72 creatures vanquished.

Notes
Turn   | Place    | Note
--------------------------------------------------------------
     0 | D:1      | MenacingMecha the Merfolk Gladiator began the quest for the Orb.
     0 | D:1      | Reached XP level 1. HP: 16/16 MP: 1/1
    84 | D:1      | Reached skill level 5 in Polearms
   323 | D:1      | Reached XP level 2. HP: 22/22 MP: 2/2
   665 | D:1      | Reached skill level 6 in Polearms
   665 | D:1      | Reached XP level 3. HP: 27/27 MP: 3/3
  1245 | D:2      | Noticed Natasha
  1254 | D:2      | Killed Natasha
  1254 | D:2      | Reached skill level 7 in Polearms
  1254 | D:2      | Reached XP level 4. HP: 14/33 MP: 4/4
  1470 | D:2      | Noticed Robin
  1489 | D:2      | Killed Robin
  1798 | D:2      | Noticed Ijyb
  1814 | D:2      | Killed Ijyb
  1814 | D:2      | Reached skill level 8 in Polearms
  1814 | D:2      | Reached XP level 5. HP: 34/38 MP: 5/5
  1967 | D:2      | Noticed Natasha
  1972 | D:2      | Killed Natasha
  2264 | D:3      | Noticed Jessica
  2279 | D:3      | Killed Jessica
  2279 | D:3      | Reached skill level 9 in Polearms
  2435 | D:3      | Reached XP level 6. HP: 38/44 MP: 6/6
  2724 | D:3      | Found a blossoming altar of Fedhas.
  2771 | D:3      | Noticed Arkorax's ghost (amateur DrWn)
  2819 | D:2      | Noticed Natasha
  2822 | D:2      | Killed Natasha
  2822 | D:2      | Reached skill level 10 in Polearms
  2894 | D:4      | Noticed Eustachio
  2945 | D:4      | Killed from afar by a white imp

Vault maps used:
D:1:      dpeg_arrival_rooms_with_view, minmay_gold_behind_fungi
D:2:      dk_vineyard_1, uniq_iyjb, uniq_natasha, uniq_robin
D:3:      fedhas_altar_4, uniq_jessica
D:4:      kennysheep_little_box, lemuel_temple_firewalk_marked, serial_shops,
          shop, nicolae_shop_temple_entry_statues_fountains, shop_fountains,
          nrook_uturn, uniq_menkaure, uniq_edmund, uniq_eustachio

Skill      XL: |  1  2  3  4  5  6 |
---------------+-------------------+-----
Polearms       | 5 6 7 8 9 10 | 10.0
Fighting       | |  2.1
Throwing       | |  2.0
Dodging        | |  4.0

Action                   |  1- 3 |  4- 6 || total
-------------------------+-------+-------++-------
Melee: Trident           |   103 |   175 ||   278
Throw: Throwing net      |     3 |     2 ||     5
  Use: Potion            |       |     2 ||     2
       Scroll            |       |     4 ||     4
 Stab: Sleeping          |     1 |       ||     1
  Eat: Chunk             |     1 |     5 ||     6
